Cogmind - Beta 10.2 --- EXPLORER MODE // 2021.10.27 @ 22:48:42 Player: RD278 Result: Self-destructed Performance ------------- Evolutions (6) 3000 Regions Visited (10) 2000 Robots Destroyed (225) 1125 Value Destroyed (8204) 8204 Prototype IDs (13) 260 Alien Tech Used (0) 0 Bonus (1094) 1094 TOTAL SCORE: 15683 Bonus ------- High Alert Combat Kills 851 Follower Combat Kills 1567 Built Enhanced Grunts 300 Met R17 at Cetus 500 Friendly Fire -2124 Cogmind --------- Core Integrity 876/1150 Matter 73/300 Energy 16/100 System Corruption 1% Temperature Cool (0) Movement Walking (150) Ox1 Location -4/Upper Caves Parts ------- > --- POWER (1) -------- (None) > --- PROPULSION (7) --- Flexi-carbon Leg Myomer Leg Myomer Leg > --- UTILITY (8) ------ High-capacity Storage Unit High-capacity Storage Unit Long-range Terrain Scanner Terrain Scan Processor Advanced Transmission Jammer > --- WEAPON (4) ------- Improved KE Penetrator Enhanced Gauss Cannon Long-range Missile Launcher > --- INVENTORY (20) --- Fission Core Antimatter Reactor Flexi-carbon Leg Armored Leg Enhanced Flexi-carbon Leg Large Storage Unit Compact Battery (300) Improved Energy Well Advanced Transmission Jammer Centrium Medium Armor Plating Experimental Thermal Shield Advanced System Shield Improved KE Penetrator Heavy Flak Cannon Power Sword Peak State ------------ > --- POWER ------------ Quantum Reactor > --- PROPULSION ------- Flexi-carbon Leg Flexi-carbon Leg Myomer Leg Myomer Leg Myomer Leg Myomer Leg Myomer Leg > --- UTILITY ---------- Improved Cooling System High-capacity Storage Unit High-capacity Storage Unit Long-range Terrain Scanner Terrain Scan Processor Advanced Transmission Jammer Layered Medium Armor Plating > --- WEAPON ----------- Coil Gun Hypervelocity Gauss Rifle Hypervelocity Gauss Rifle Micro-nuke Launcher > --- INVENTORY -------- Fission Core Antimatter Reactor Flexi-carbon Leg Armored Leg Enhanced Flexi-carbon Leg Large Storage Unit Compact Battery Improved Energy Well Advanced Transmission Jammer Centrium Medium Armor Plating Experimental Thermal Shield Advanced System Shield Tesla Rifle Improved KE Penetrator Improved KE Penetrator Heavy Flak Cannon Enhanced Gauss Cannon Long-range Missile Launcher Power Sword [Rating: 111] Favorites ----------- Power Fission Core Engine Light Ion Engine Power Core Fission Core Reactor Quantum Reactor Propulsion Flexi-carbon Leg Leg Flexi-carbon Leg Wheel Wheel Utility Large Storage Unit Device Improved Cooling System Storage Large Storage Unit Processor Terrain Scan Processor Hackware Hacking Suite Protection Layered Medium Armor Plating Weapon Coil Gun Energy Gun Heavy Laser Energy Cannon Plasma Cannon Ballistic Gun Coil Gun Ballistic Cannon Heavy Flak Cannon Launcher Rocket Launcher Special Weapon Welding Torch Impact Weapon Heavy Flail Build | -11 -10 -9 -8 -7 -6 -5 -5 -5 -4 -4 ------- Run | Scr Mat Mat Mat Fac Fac Fac Ext Cet Fac Upp Slots Evolved 13 | . 1 2 2 2 2 2 . . 2 . Power . | . . . . . . . . . . . Propulsion 5 | . 1 1 1 . 1 . . . 1 . Utility 6 | . . 1 . 1 1 2 . . 1 . Weapon 2 | . . . 1 1 . . . . . . Parts Attached 135 | 8 5 5 12 32 25 11 14 3 17 3 Power 16 | 1 . . . 9 3 2 . 1 . . Engine 7 | 1 . . . 4 2 . . . . . Core 8 | . . . . 5 1 2 . . . . Reactor 1 | . . . . . . . . 1 . . Propulsion 38 | 3 1 1 4 7 10 4 1 . 7 . Treads . | . . . . . . . . . . . Leg 37 | 2 1 1 4 7 10 4 1 . 7 . Wheel 1 | 1 . . . . . . . . . . Hover . | . . . . . . . . . . . Flight . | . . . . . . . . . . . Utility 25 | 2 1 2 1 5 5 3 2 . 4 . Device 7 | . . 1 . . 2 2 . . 2 . Storage 5 | . 1 1 . 1 1 . . . 1 . Processor 1 | . . . . . . . . . 1 . Hackware 1 | . . . . 1 . . . . . . Protection 11 | 2 . . 1 3 2 1 2 . . . Artifact . | . . . . . . . . . . . Weapon 56 | 2 3 2 7 11 7 2 11 2 6 3 Energy Gun 11 | 1 1 1 1 3 2 . . . 2 . Energy Cannon 3 | . . . . 1 1 . 1 . . . Ballistic Gun 14 | 1 . 1 2 3 2 2 1 . 1 1 Ballistic Cannon 9 | . . . . 1 1 . 4 1 1 1 Launcher 16 | . 2 . 2 2 1 . 5 1 2 1 Special Weapon 1 | . . . . 1 . . . . . . Impact Weapon 2 | . . . 2 . . . . . . . Slashing Weapon . | . . . . . . . . . . . Piercing Weapon . | . . . . . . . . . . . Special Melee Weapon . | . . . . . . . . . . . Unidentified Prototypes 2 | . . 1 . . . . . . . 1 Parts Lost 18 | . . . . . 2 . . . 10 6 Power 1 | . . . . . . . . . . 1 Propulsion 4 | . . . . . . . . . 2 2 Utility 4 | . . . . . . . . . 3 1 Weapon 9 | . . . . . 2 . . . 5 2 Highest Loss Streak 6 | . . . . . 1 . . . 6 5 Average Slot Usage (%) 92 | . 100 95 100 99 93 89 93 94 89 65 Engine 3 | . 12 10 8 3 4 . . . . . Core 2 | . . . . 3 1 5 5 4 . . Leg 34 | . 37 38 41 34 36 33 32 33 32 20 Device 4 | . . 1 . . 2 6 5 5 11 14 Storage 12 | . 8 15 16 14 12 11 11 11 10 10 Hackware 1 | . . . . 3 3 . . . . . Protection 10 | . 16 10 8 10 7 10 15 16 8 . Energy Gun 3 | . 11 5 8 4 3 . . . 2 . Energy Cannon 1 | . . . . . 4 . 1 . . . Ballistic Gun 12 | . 11 1 9 16 8 16 15 16 14 5 Ballistic Cannon 2 | . . . . 1 7 5 2 . 1 . Launcher 2 | . 1 12 1 3 . . 1 4 1 5 Naked Turns . | . . . . . . . . . . . Heaviest Build 143 | 10 30 45 51 67 100 114 119 125 143 105 Greatest Support 165 | 20 30 43 60 68 100 116 116 116 165 115 Greatest Overweight (x) 1 | . . 1 . 1 1 1 1 1 1 1 Average Overweight (x) . | . . . . . . . . . . . Largest Inventory Capacity 22 | 4 10 16 16 22 18 18 18 18 20 20 Average Capacity 16 | 4 8 13 16 16 17 18 18 18 19 20 Most Carried 20 | 4 10 16 16 16 18 18 18 18 20 18 Average Carried 16 | 3 6 11 15 15 17 17 17 16 19 17 Final Capacity 20 | 4 10 16 16 16 18 18 18 18 20 20 Final Carried 18 | 4 10 16 16 16 17 18 16 18 18 15 Class Distribution -------------------- 64% | Hacker-Tank 25% | Hacker-Mutant Dominant Class ---------------- Hacker-Mutant | -10/Materials Hacker-Mutant | -9/Materials Hacker-Mutant | -8/Materials Hacker-Tank | -7/Factory Hacker-Tank | -6/Factory Hacker-Tank | -5/Factory Hacker-Tank | -5/Extension Hacker-Tank | -5/Cetus Hacker-Tank | -4/Factory Hacker-Mutant | -4/Upper Caves Resources | -11 -10 -9 -8 -7 -6 -5 -5 -5 -4 -4 ----------- Run | Scr Mat Mat Mat Fac Fac Fac Ext Cet Fac Upp Matter Collected 5751 | 281 24 185 205 924 1249 410 1063 282 952 176 Remotely . | . . . . . . . . . . . Salvage Created 9443 | 33 45 281 301 1427 1662 802 2757 119 1677 339 Parts 490 | 2 8 21 20 79 90 42 118 8 93 9 Haulers Intercepted 4 | . . 1 . 1 1 . 1 . . . Recyclers Shooed 4 | . . 1 . . 1 1 1 . . . Parts Field Recycled . | . . . . . . . . . . . Retrieved Matter . | . . . . . . . . . . . Parts Self-Destructed . | . . . . . . . . . . . Prevented . | . . . . . . . . . . . Kills | -11 -10 -9 -8 -7 -6 -5 -5 -5 -4 -4 ------- Run | Scr Mat Mat Mat Fac Fac Fac Ext Cet Fac Upp Combat Hostiles Destroyed 133 | 1 2 8 8 18 31 7 24 2 23 9 Guns 77 | 1 2 1 4 16 18 4 14 1 16 . Cannons 16 | . . . . . 8 3 5 . . . AOE 38 | . . 7 3 2 5 . 4 1 7 9 Classes Destroyed 16 | 1 2 5 . 4 1 . 2 . 1 . Worker 16 | . . 1 1 5 . 1 5 . 3 . Builder 26 | . . . . 3 8 1 3 . 11 . Tunneler 4 | . . . . . . . 4 . . . Hauler 4 | . . 1 . 1 1 . 1 . . . Recycler 19 | . . 1 . 4 1 2 10 . 1 . Mechanic 1 | . . . . . . . . . 1 . Operator 3 | . . . . . 1 . 1 . 1 . Watcher 16 | . 1 3 1 4 . 1 3 2 1 . Swarmer 21 | . 2 2 3 3 3 . 4 . 3 1 Grunt 53 | 1 . 4 3 6 11 2 14 1 9 2 Brawler 6 | . . . . 1 2 . 1 . 1 1 Duelist 8 | . . 1 . 1 2 . 1 . 1 2 Sentry 16 | . . 1 2 2 7 1 1 . 1 1 Hunter 15 | . . . . 2 2 2 1 . 6 2 Programmer 11 | . . . . 3 4 2 . . 2 . Behemoth 2 | . . . . . . . 2 . . . Cetus Guard 1 | . . . . . . . . 1 . . Enhanced Grunt 2 | . . . . . . . . . 2 . Butcher 1 | . . . . . . . 1 . . . Best Kill Streak 21 | 1 2 9 4 8 9 4 21 2 11 7 Combat Bots Only 8 | 1 2 6 3 3 6 4 4 1 8 7 Max Kills in Single Turn 5 | 1 1 3 2 2 4 2 4 1 5 4 Gunslinging 1 | . . . . 1 . . . . . . Exploded 4 | . . 3 2 2 4 . 1 1 2 4 Melee . | . . . . . . . . . . . Uniques/NPCs Destroyed . | . . . . . . . . . . . Combat | -11 -10 -9 -8 -7 -6 -5 -5 -5 -4 -4 -------- Run | Scr Mat Mat Mat Fac Fac Fac Ext Cet Fac Upp Damage Taken 7757 | 27 22 125 262 873 1706 289 1072 261 2500 620 Core 457 | . . . 20 10 114 . 39 . 227 47 Absorbed by Shields 34 | . . . . . . . 34 . . . Core Remaining (%) 96 | 100 100 100 96 98 86 . . 96 . . Volleys Fired 328 | 1 4 11 23 67 78 16 47 9 63 9 Largest 4 | 2 2 2 3 4 4 4 4 4 4 4 Hottest 221 | 70 70 78 109 175 221 149 192 139 176 184 Shots Fired 1000 | 2 8 18 49 183 236 64 185 36 203 16 Gun 762 | 2 8 9 47 168 148 48 126 27 176 3 Cannon 167 | . . . . 7 85 16 44 . 12 3 Launcher 65 | . . 9 2 2 3 . 15 9 15 10 Special 6 | . . . . 6 . . . . . . Kinetic 744 | 1 4 2 26 150 166 64 140 27 158 6 Thermal 125 | 1 4 . 21 18 59 . . . 22 . Explosive 65 | . . 9 2 2 3 . 15 9 15 10 Electromagnetic 66 | . . 7 . 13 8 . 30 . 8 . Robot Hit Streak 54 | 2 9 4 15 54 45 16 26 20 42 13 Robot Miss Streak 8 | . . 2 2 3 8 4 2 1 2 1 Penetration Max 2 | . . . . 1 . 2 2 1 1 . Secondary Targets 4 | . . . . 1 . . . . 3 . Max Gunslinging Chain 1 | . . . . 1 . . . . 1 . Shots Hit Robots 787 | 2 7 10 47 138 190 45 139 32 164 13 Core Hits 615 | 2 4 21 18 69 180 27 132 25 112 25 Critical Hits 55 | . . . . 2 2 8 18 5 19 1 Critical Kills 21 | . . . . 1 . 5 6 1 8 . Critical Parts Destroyed 32 | . . . . 1 2 3 10 4 11 1 Melee Attacks 8 | . . . 8 . . . . . . . Impact 8 | . . . 8 . . . . . . . Slashing . | . . . . . . . . . . . Piercing . | . . . . . . . . . . . Sneak Attacks . | . . . . . . . . . . . Combat Hostiles . | . . . . . . . . . . . Follow-up Attacks . | . . . . . . . . . . . Damage Inflicted 24817 | 21 74 988 941 2585 5184 948 5336 1119 6270 1351 Guns 10966 | 21 74 118 514 2159 2839 743 2023 369 2027 79 Cannons 3369 | . . . . 30 1435 205 1372 . 221 106 Explosions 10295 | . . 870 240 396 910 . 1941 750 4022 1166 Melee 187 | . . . 187 . . . . . . . Ramming . | . . . . . . . . . . . Kinetic 10638 | 8 24 17 279 1823 2985 948 2409 369 1591 185 Thermal 2885 | 13 50 44 235 424 1295 . 61 . 763 . Explosive 9461 | . . 826 240 147 756 . 1880 750 3696 1166 Electromagnetic 1646 | . . 101 . 191 148 . 986 . 220 . Impact 187 | . . . 187 . . . . . . . Slashing . | . . . . . . . . . . . Piercing . | . . . . . . . . . . . Highest Corruption 3 | . 1 . . 1 3 1 2 2 1 1 Average Corruption 1 | . 1 . . 1 2 1 1 2 1 1 Corruption Purged . | . . . . . . . . . . . Effects 52 | . . . . 4 19 . 15 6 4 4 Message Errors 15 | . . . . . 6 . 5 2 . 2 Heat Flow Errors 5 | . . . . . 2 . 2 1 . . Energy Discharges 4 | . . . . . 2 . . 1 . 1 Data Loss (minor) 11 | . . . . 1 2 . 4 2 1 1 Targeting Errors 14 | . . . . 3 5 . 4 . 2 . Weapon Failures 3 | . . . . . 2 . . . 1 . Overload Shots . | . . . . . . . . . . . Overflow Damage 653 | . . 4 26 . 56 . 83 23 451 10 Projectiles 74 | . . . . . . . 42 . 32 . Explosions 573 | . . 4 20 . 56 . 41 23 419 10 Melee 6 | . . . 6 . . . . . . . Knockbacks 24 | . . . . . 14 3 3 . 4 . Impact . | . . . . . . . . . . . Kinetic 23 | . . . . . 14 2 3 . 4 . Secondary 1 | . . . . . . 1 . . . . Self-Inflicted Damage 599 | . . 32 . 128 25 . 84 . 275 55 Shots 23 | . . 2 . 3 2 . 6 . 7 3 Rammed . | . . . . . . . . . . . Targets Rammed . | . . . . . . . . . . . Kicked . | . . . . . . . . . . . Crushed . | . . . . . . . . . . . Highest Temperature 628 | 30 91 30 183 224 628 12 290 159 193 63 Average Temperature 86 | 19 41 8 54 52 175 8 49 16 66 25 Received Heat Transfer 1457 | 24 . 9 171 255 348 39 236 9 282 84 Effects 21 | . . . . . 21 . . . . . Shutdowns 3 | . . . . . 3 . . . . . Energy Bleed 5 | . . . . . 5 . . . . . Interference 7 | . . . . . 7 . . . . . Matter Decay 3 | . . . . . 3 . . . . . Damage (minor) 3 | . . . . . 3 . . . . . Siege Activations . | . . . . . . . . . . . Robots Corrupted 1 | . . . . . . . 1 . . . Combat Hostiles 1 | . . . . . . . 1 . . . Parts Fried 7 | . . . 1 1 . . 4 . 1 . Impact Corruptions 1 | . . . 1 . . . . . . . Robots Melted . | . . . . . . . . . . . Combat Hostiles . | . . . . . . . . . . . Parts Melted 8 | . . . . . 2 . 1 . 5 . Heat Transferred 4981 | 37 148 50 518 583 2345 . . . 1300 . Parts Sabotaged . | . . . . . . . . . . . Parts Stolen . | . . . . . . . . . . . Parts Stripped . | . . . . . . . . . . . Power Chain Reactions 3 | . . 1 . 1 . . . . 1 . Missiles Intercepted . | . . . . . . . . . . . Alert | -11 -10 -9 -8 -7 -6 -5 -5 -5 -4 -4 ------- Run | Scr Mat Mat Mat Fac Fac Fac Ext Cet Fac Upp Peak Influence 1020 | 20 111 291 230 220 445 238 631 674 1020 . Initial 282 | . 9 . . 21 13 43 85 155 282 . Average 207 | 4 43 168 102 85 122 81 295 464 679 . Maximum Alert Level 3 | . . 1 1 1 2 1 2 2 3 . Low Security (%) 61 | 100 100 34 66 93 76 87 25 5 . . Level 1 23 | . . 65 33 6 21 12 51 29 24 . Level 2 7 | . . . . . 1 . 23 65 6 . Level 3 7 | . . . . . . . . . 68 . Level 4 . | . . . . . . . . . . . Level 5 . | . . . . . . . . . . . High Security . | . . . . . . . . . . . Max Security . | . . . . . . . . . . . Squads Dispatched 39 | . . 2 1 6 15 1 4 . 10 . Investigation 5 | . . . . 1 2 . 2 . . . Extermination 11 | . . . . 4 4 1 . . 2 . Reinforcement 12 | . . 2 1 1 2 . 2 . 4 . Assault 4 | . . . . . . . . . 4 . Garrison 7 | . . . . . 7 . . . . . Intercept . | . . . . . . . . . . . Construction Impeded 6 | . . 1 . . 1 . 1 . 3 . Haulers Reinforced 1 | . . . . . 1 . . . . . Stealth | -11 -10 -9 -8 -7 -6 -5 -5 -5 -4 -4 --------- Run | Scr Mat Mat Mat Fac Fac Fac Ext Cet Fac Upp Distress Signals 11 | . . 2 2 . . 1 2 2 2 . Communications Jammed . | . . . . . . . . . . . Distress Signals . | . . . . . . . . . . . Times Spotted 200 | 1 4 10 13 31 34 10 35 15 38 9 Peak Tracking Total 11 | 1 2 5 5 3 6 4 5 5 11 7 Tactical Retreats 6 | . . . 1 1 1 1 1 . 1 . Traps | -11 -10 -9 -8 -7 -6 -5 -5 -5 -4 -4 ------- Run | Scr Mat Mat Mat Fac Fac Fac Ext Cet Fac Upp Traps Triggered 11 | . 1 1 . 4 1 . 4 . . . Indirectly . | . . . . . . . . . . . Trap Hack Attempts . | . . . . . . . . . . . Triggered . | . . . . . . . . . . . Disarmed . | . . . . . . . . . . . Reprogrammed . | . . . . . . . . . . . Reused . | . . . . . . . . . . . Traps Extracted . | . . . . . . . . . . . Installed . | . . . . . . . . . . . Triggered . | . . . . . . . . . . . Machines | -11 -10 -9 -8 -7 -6 -5 -5 -5 -4 -4 ---------- Run | Scr Mat Mat Mat Fac Fac Fac Ext Cet Fac Upp Machines Disabled 42 | . . 2 . 14 6 . 3 4 11 2 Max in Single Turn 7 | . . 1 . 7 4 . 1 3 2 1 Garrison Access 1 | . . . . . . . . . 1 . Energy Cycler 1 | . . . . . . . 1 . . . Machines Sabotaged . | . . . . . . . . . . . Garrisons Compromised 1 | . . . . . . . . . 1 . Overloaded Fab Kills . | . . . . . . . . . . . Fab Network Shutdowns . | . . . . . . . . . . . Hacking | -11 -10 -9 -8 -7 -6 -5 -5 -5 -4 -4 --------- Run | Scr Mat Mat Mat Fac Fac Fac Ext Cet Fac Upp Machines Accessed 26 | . 3 1 3 6 5 . 6 . 2 . Terminals 22 | . 3 1 3 3 4 . 6 . 2 . Fabricators . | . . . . . . . . . . . Repair Stations 2 | . . . . 2 . . . . . . Recycling Units . | . . . . . . . . . . . Scanalyzers 2 | . . . . 1 1 . . . . . Garrison Access . | . . . . . . . . . . . Total Hacks 63 | . 5 2 7 9 12 . 22 . 6 . Successful 45 | . 5 1 6 7 7 . 15 . 4 . Failed 18 | . . 1 1 2 5 . 7 . 2 . Catastrophic 1 | . . . . . . . 1 . . . Database Lockouts . | . . . . . . . . . . . Manual 10 | . . . . . . . 8 1 1 . Terminals 57 | . 5 2 7 5 10 . 22 . 6 . Fabricators . | . . . . . . . . . . . Repair Stations 2 | . . . . 2 . . . . . . Recycling Units . | . . . . . . . . . . . Scanalyzers 4 | . . . . 2 2 . . . . . Garrison Access . | . . . . . . . . . . . Terminal Hacks 41 | . 5 1 6 5 5 . 15 . 4 . Record 15 | . 3 1 5 2 . . 4 . . . Part Schematic 2 | . . . . . . . 2 . . . Robot Analysis 1 | . . . . . . . . . 1 . Prototype ID Bank 3 | . . . . . . . 1 . 2 . Open Door 4 | . . . . . . . 4 . . . Branch Access Points 1 | . . . . . . . 1 . . . Alert Level 1 | . . . . . . . 1 . . . Locate Traps 3 | . 1 . . 1 . . . . 1 . Dispatch Records 1 | . 1 . . . . . . . . . Surveillance Status 3 | . . . 1 . 2 . . . . . Transport Status 1 | . . . . . 1 . . . . . Recall Reinforcements 1 | . . . . . 1 . . . . . Hauler Manifests 1 | . . . . . . . 1 . . . Registered Components 1 | . . . . . . . 1 . . . Zone Layout 3 | . . . . 2 1 . . . . . Fabricator Hacks . | . . . . . . . . . . . Repair Station Hacks . | . . . . . . . . . . . Recycling Unit Hacks . | . . . . . . . . . . . Scanalyzer 4 | . . . . 2 2 . . . . . Insert Component 3 | . . . . 1 2 . . . . . Analyze 1 | . . . . 1 . . . . . . Garrison Access Hacks . | . . . . . . . . . . . Unauthorized Hacks . | . . . . . . . . . . . Terminals . | . . . . . . . . . . . Fabricators . | . . . . . . . . . . . Repair Stations . | . . . . . . . . . . . Recycling Units . | . . . . . . . . . . . Scanalyzers . | . . . . . . . . . . . Garrison Access . | . . . . . . . . . . . Data Cores Recovered 1 | . . . . . 1 . . . . . Used 1 | . . . . . 1 . . . . . Hacking Detections 20 | . . 1 2 5 5 . 5 . 2 . Full Trace Events 4 | . . . . . 2 . 2 . . . Feedback Events . | . . . . . . . . . . . Feedback Blocked . | . . . . . . . . . . . Robot Schematics Acquired . | . . . . . . . . . . . Robots Built . | . . . . . . . . . . . Matter . | . . . . . . . . . . . Time . | . . . . . . . . . . . Total Robot Build Rating . | . . . . . . . . . . . Part Schematics Acquired 2 | . . . . . . . 2 . . . Parts Built . | . . . . . . . . . . . Matter . | . . . . . . . . . . . Time . | . . . . . . . . . . . Total Part Build Rating . | . . . . . . . . . . . Parts Repaired . | . . . . . . . . . . . Time . | . . . . . . . . . . . Parts Recycled . | . . . . . . . . . . . Recycled Matter . | . . . . . . . . . . . Retrieved Matter . | . . . . . . . . . . . Retrieved Components . | . . . . . . . . . . . Parts Scanalyzed 1 | . . . . 1 . . . . . . Part Schematics Acquired . | . . . . . . . . . . . Parts Damaged . | . . . . . . . . . . . Bothacking | -11 -10 -9 -8 -7 -6 -5 -5 -5 -4 -4 ------------ Run | Scr Mat Mat Mat Fac Fac Fac Ext Cet Fac Upp Used RIF Installer . | . . . . . . . . . . . Robots Hacked . | . . . . . . . . . . . Non-combat . | . . . . . . . . . . . Combat . | . . . . . . . . . . . Robot Hacks Applied . | . . . . . . . . . . . Relay Couplers Released 1 | . . . . . . . . . 1 . Machine Destruction 1 | . . . . . . . . . 1 . Robots Rewired . | . . . . . . . . . . . Allies Hacked . | . . . . . . . . . . . Hacks Repelled . | . . . . . . . . . . . Allies | -11 -10 -9 -8 -7 -6 -5 -5 -5 -4 -4 -------- Run | Scr Mat Mat Mat Fac Fac Fac Ext Cet Fac Upp Total Allies 13 | . . . . . . . 8 5 . . Largest Group 9 | . . . . . . . 8 9 8 . Highest-Rated Group 706 | . . . . . . . 360 706 655 . Highest-Rated Ally 156 | . . . . . . . 156 156 129 . Total Orders . | . . . . . . . . . . . Ally Attacks 204 | . . . . . . . 63 89 52 . Total Damage 5299 | . . . . . . . 1103 2195 2001 . Kills 34 | . . . . . . . 8 13 13 . Allies Corrupted . | . . . . . . . . . . . Allies Melted . | . . . . . . . . . . . Intel | -11 -10 -9 -8 -7 -6 -5 -5 -5 -4 -4 ------- Run | Scr Mat Mat Mat Fac Fac Fac Ext Cet Fac Upp Robot Analysis Total 1 | . . . . . . . . . 1 . Derelict Logs Recovered 1 | . . . . . . . . . . 1 Drone Launches . | . . . . . . . . . . . Drone Recoveries . | . . . . . . . . . . . Exploration | -11 -10 -9 -8 -7 -6 -5 -5 -5 -4 -4 ------------- Run | Scr Mat Mat Mat Fac Fac Fac Ext Cet Fac Upp Turns Passed 10239 | 102 481 419 519 2251 2135 719 1527 358 1048 680 Spaces Moved 6479 | 80 374 268 304 1352 1362 401 1052 221 618 447 Core 19 | 19 . . . . . . . . . . Treads . | . . . . . . . . . . . Legs 6460 | 61 374 268 304 1352 1362 401 1052 221 618 447 Wheels . | . . . . . . . . . . . Hover . | . . . . . . . . . . . Flight . | . . . . . . . . . . . Fastest Speed 50 | 50 120 120 120 122 120 121 120 120 120 120 Average Speed 128 | 103 120 136 120 135 127 136 123 125 120 144 Slowest Speed 153 | 120 120 150 122 153 152 151 151 150 150 150 Overloaded Moves . | . . . . . . . . . . . Propulsion Burnouts . | . . . . . . . . . . . Robots Hopped . | . . . . . . . . . . . Cave-ins Triggered 1 | . . . . . 1 . . . . . Exploration Rate (%) 34 | 6 51 24 30 31 19 5 93 57 11 57 Regions Visited 10 Branch Regions 3 Pre-discovered Areas . | . . . . . . . . . . . Known Exits Taken 10 | 1 1 1 1 1 1 1 1 1 1 . Unknown Exits Taken . | . . . . . . . . . . . Scrap Searched 1 | . . . . . . . . . . 1 Spaces Dug 19 | . . . . . . . . . . 19 Terrain Destroyed 897 | . . 75 16 132 101 2 165 131 150 125 Melee . | . . . . . . . . . . . Projectile 23 | . . . . . 1 2 6 1 11 2 AOE 874 | . . 75 16 132 100 . 159 130 139 123 Terrain Rammed . | . . . . . . . . . . . Walls Destroyed . | . . . . . . . . . . . Machines Disabled . | . . . . . . . . . . . Actions | -11 -10 -9 -8 -7 -6 -5 -5 -5 -4 -4 --------- Run | Scr Mat Mat Mat Fac Fac Fac Ext Cet Fac Upp Total 7638 | 95 401 303 399 1635 1597 533 1152 278 779 466 Wait 469 | . . 11 28 133 85 90 17 40 58 7 Move 6469 | 79 373 267 303 1351 1361 400 1051 220 617 447 Hop . | . . . . . . . . . . . Pick Up 113 | 7 12 8 11 23 23 7 4 4 14 . Fast Attach 29 | 4 1 1 2 6 6 3 3 . 3 . Attach 38 | 3 1 2 3 7 6 4 2 . 7 3 Detach 6 | . . . . 2 . 2 1 . 1 . Swap 68 | 1 3 2 7 19 13 4 9 3 7 . Drop 100 | . 7 1 14 27 25 7 8 2 9 . Fire 328 | 1 4 11 23 67 78 16 47 9 63 9 Melee 8 | . . . 8 . . . . . . . Ram . | . . . . . . . . . . . Kick . | . . . . . . . . . . . Crush . | . . . . . . . . . . . Escape Stasis 10 | . . . . . . . 10 . . . Rewire . | . . . . . . . . . . . Trap . | . . . . . . . . . . . Miscellaneous . | . . . . . . . . . . . Route ------- -11/Scrapyard -10/Materials (discovered 2 exits: *Mat / *Min) -9/Materials (discovered 2 exits: *Mat / *Min) -8/Materials -7/Factory -6/Factory (discovered 2 exits: *Fac / *Low) -5/Factory (discovered 2 exits: *Fac / *Ext) -5/Extension (discovered 3 exits: *Fac x2 / *Cet) -5/Cetus (discovered 2 exits: *Fac / *Arc) -4/Factory -4/Upper Caves History --------- Turn | Location | Event 2 | -11/Scrapyard | Met Revision 17 66 | -11/Scrapyard | Identified exit to Materials 66 | -11/Scrapyard | Discovered exit to Materials (range 8) 103 | -11/Scrapyard | Entered Materials 103 | -10/Materials | Evolved 1 slot: Propulsion x1 301 | -10/Materials | Build established: Hacker-Mutant 408 | -10/Materials | Identified exit to Mines 408 | -10/Materials | Discovered exit to Mines (range 12) 570 | -10/Materials | Identified exit to Materials 570 | -10/Materials | Discovered exit to Materials (range 12) 584 | -10/Materials | Entered another Materials area 584 | -9/Materials | Evolved 2 slots: Propulsion x1, Utility x1 824 | -9/Materials | Identified exit to Mines 824 | -9/Materials | Discovered exit to Mines (range 8) 892 | -9/Materials | Identified exit to Materials 892 | -9/Materials | Discovered exit to Materials (range 16) 1003 | -9/Materials | Entered another Materials area 1003 | -8/Materials | Evolved 2 slots: Propulsion x1, Weapon x1 1495 | -8/Materials | Identified exit to Factory 1495 | -8/Materials | Discovered exit to Factory (range 14) 1522 | -8/Materials | Entered Factory 1522 | -7/Factory | Evolved 2 slots: Utility x1, Weapon x1 1690 | -7/Factory | Found Prototype Launcher 1700 | -7/Factory | Identified Rocket Array 2287 | -7/Factory | Build established: Hacker-Tank 3509 | -7/Factory | Identified exit to Factory 3509 | -7/Factory | Discovered exit to Factory (range 16) 3773 | -7/Factory | Entered another Factory area 3773 | -6/Factory | Evolved 2 slots: Propulsion x1, Utility x1 4203 | -6/Factory | Identified exit to Factory 4203 | -6/Factory | Discovered exit to Factory (range 4) 4615 | -6/Factory | Garrison activated, responded to threat 4934 | -6/Factory | Garrison activated, responded to threat 5113 | -6/Factory | Identified exit to Lower Caves 5113 | -6/Factory | Discovered exit to Lower Caves (range 5) 5462 | -6/Factory | Garrison activated, responded to threat 5574 | -6/Factory | Crushed by falling debris 5908 | -6/Factory | Entered another Factory area 5908 | -5/Factory | Evolved 2 slots: Utility x2 6569 | -5/Factory | Identified exit to Factory 6569 | -5/Factory | Discovered exit to Factory (range 4) 6597 | -5/Factory | Identified exit to Extension 6597 | -5/Factory | Discovered exit to Extension (range 16) 6627 | -5/Factory | Entered Extension 6702 | -5/Extension | Disrupted transfer network 6928 | -5/Extension | Spotted B-75 Beast 6936 | -5/Extension | Spotted B-75 Beast 6948 | -5/Extension | Destroyed B-75 Beast 6968 | -5/Extension | Destroyed B-75 Beast 7216 | -5/Extension | Identified exit to Cetus 7353 | -5/Extension | Rescued a captive Derelict 7354 | -5/Extension | Rescued a captive Derelict 7388 | -5/Extension | Energy Cycler disabled 7388 | -5/Extension | Rescued a captive Derelict 7388 | -5/Extension | Rescued a captive Derelict 7389 | -5/Extension | Rescued a captive Derelict 7389 | -5/Extension | Rescued a captive Derelict 7389 | -5/Extension | Rescued a captive Derelict 7391 | -5/Extension | Rescued a captive Derelict 7394 | -5/Extension | Rescued a captive Derelict 7407 | -5/Extension | Rescued a captive Derelict 7480 | -5/Extension | Discovered exit to Factory (range 10) 7658 | -5/Extension | Discovered exit to Factory (range 13) 7675 | -5/Extension | Rescued A7 8154 | -5/Extension | Entered Cetus 8154 | -5/Cetus | Accompanied by 6 allies (A7) 8159 | -5/Cetus | Acquired a Cetus Manufacturing Module code from A7 8170 | -5/Cetus | Spotted Cetus Guard 8170 | -5/Cetus | Spotted Cetus Guard 8171 | -5/Cetus | Spotted Cetus Guard 8172 | -5/Cetus | Allies destroyed Cetus Guard 8172 | -5/Cetus | Spotted Cetus Guard 8180 | -5/Cetus | Allies destroyed Cetus Guard 8182 | -5/Cetus | Allies destroyed Cetus Guard 8183 | -5/Cetus | Allies destroyed Cetus Guard 8242 | -5/Cetus | Started Cetus Manufacturing Module 8267 | -5/Cetus | Manufactured an Enhanced Grunt 8292 | -5/Cetus | Manufactured an Enhanced Grunt 8317 | -5/Cetus | Manufactured an Enhanced Grunt 8342 | -5/Cetus | Manufactured an Enhanced Grunt 8367 | -5/Cetus | Manufactured an Enhanced Grunt 8395 | -5/Cetus | Identified exit to Archives 8395 | -5/Cetus | Discovered exit to Archives (range 15) 8421 | -5/Cetus | Spotted Cetus Guard 8421 | -5/Cetus | Spotted Cetus Guard 8425 | -5/Cetus | Destroyed Cetus Guard 8426 | -5/Cetus | Spotted Cetus Guard 8429 | -5/Cetus | Spotted Cetus Guard 8437 | -5/Cetus | Allies destroyed Cetus Guard 8437 | -5/Cetus | Allies destroyed Cetus Guard 8439 | -5/Cetus | Discovered exit to Factory (range 16) 8444 | -5/Cetus | Allies destroyed Cetus Guard 8446 | -5/Cetus | Met Revision 17 8512 | -5/Cetus | Entered Factory 8512 | -4/Factory | Accompanied by 8 allies (A7) 8512 | -4/Factory | Evolved 2 slots: Propulsion x1, Utility x1 8599 | -4/Factory | Found Prototype Device 8964 | -4/Factory | Destroyed 8 combat bots 8991 | -4/Factory | Lost 3 parts (2u1w) 9062 | -4/Factory | Identified exit to Upper Caves 9062 | -4/Factory | Discovered exit to Upper Caves (range 5) 9512 | -4/Factory | First assault squad dispatched 9533 | -4/Factory | Lost 6 parts (2n1u3w) 9560 | -4/Factory | Entered Upper Caves 9770 | -4/Upper Caves | Build established: Hacker-Mutant 9917 | -4/Upper Caves | Encountered a Warlord checkpoint 10184 | -4/Upper Caves | Attracted the attention of an 0b10 outpost 10235 | -4/Upper Caves | Destroyed 7 combat bots 10238 | -4/Upper Caves | Lost 5 parts (1p1n1u2w) 10240 | -4/Upper Caves | Self-destructed Last Messages --------------- deactivating power-draining parts if not. Slug penetrates Earth. The unstable cave ceiling collapses. Penetrated by Slug. Imp. Cooling System destroyed. Acquired 39 matter. Acquired 43 matter. Slug penetrates Y-72 Warden. Micro-nuke Launcher destroyed. Destroyed Micro-nuke Launcher. L-61 Swordsman destroyed. The unstable cave ceiling collapses. Penetrated by Slug. Slug penetrates Wall. Acquired 29 matter. Penetrated by Slug. Y-72 Warden destroyed. The unstable cave ceiling collapses. [Achievement: 5k Club] [Achievement: 10k Club] Map ----- +----------------------------------------------------+ | ?????????????????????????????????????????????????? | | ?????????????????????????????????????????????????? | | ?????????????????????????????????????????????????? | | ?????????????????????????????????????????????????? | | ?????????????????????????????????????????????????? | | ?????????????????????????????????????????????????? | | ?????????????????????????????????????????????????? | | ?????????????????????????????????????????????????? | | ?????????????????????????????????????????????????? | | ?????????????????????????????????????????????????? | | ?????????????????????????????????????????????????? | | ?????????????????????????????????????????????????? | | ?????????????????????????????????????????????????? | | ?????????????????????????????????????????????????? | | ???????????????????????????????????????##????????? | | ??????????????????????????????? ####???? ##?????## | | ???????????????? ?"??????????? ##??? ##?? | | ????????????????? """??????????? #??? #?? | | ?????????????????? " ??????????# #???# #?# | | ???????????????????" ???####?## #????? ## | | ???????????????????"" ??# ### #????? | | ????????????????????"" ### ###???# | | ?????????????????????? ##### | | ???????????????????????? # "# ### | | ????????????????????????## # #??# | | ?????????????????????####@ # " #??# | | ?????????????????????# ## #??# | | ?????????????????# ## % ## #??# | | ?????????????? #""! ## #??# | | ???????????? #=% ! # #### | | ?????????????## ## # * " | | ??????????????# ##?# # % # | | ??????????????## #???# # * ######### | | ???????????????## ???? # """?????# | | ??????????????? ????? #### # #"""????## | | ??????????????? ?????? ? " """"?????# | | ??????????????###?????? # #"# ????# | | ??????????????????????? ##? ####? ?????# | | ??????????????????????? ??###### ###??????????? | | ??????????????????????? ???????## #????????????? | | ????????????????????????????????# #????????????? | | ????????????????????????????????# ????????????? | | ????????????????????????????????# ????????????? | | ???????????????????????????????? ????????????? | | ???????????????????????????????? ????????????? | | ?????????????????????????????????? ?????????????? | | ?????????????????????????????????????????????????? | | ?????????????????????????????????????????????????? | | ?????????????????????????????????????????????????? | | ?????????????????????????????????????????????????? | +----------------------------------------------------+ Best States ------------- Heat Dissipation 70 Energy Generation 25 Energy Capacity 350 Matter Stores 300 Matter Capacity 300 Sight Range 16 Robot Scan Range 10 Terrain Scan Range 24 Terrain Scan Density 85 Jamming Range 16 Armor Coverage 1200 Resistance: KI 35 Resistance: TH 45 Resistance: EX 35 Resistance: EM 35 Resistance: I 35 Resistance: S 35 Resistance: P 35 Weapon Shielding 33 Evasion (%) 50 Offensive Hacking 30 Item Schematics ----------------- Hcp. Storage Unit | -5/Extension | Hacked Imp. Titanium Leg | -5/Extension | Hacked Robot Schematics ------------------ None Fabricated ------------ Nothing Alien Tech Used ----------------- None Achievements -------------- 10k Club 5k Club Backstab Collateral Damage Dynamic Key Knowing Is Half The Battle Librarian Made in Tau Ceti IV More Dakka Please Novice Programmer Oops Please Form A Line Power Corrupts Prison Break Project G-00 Remodeling Respectable Loadout Revising The Future Risk Taker Safety First Serviceable Loadout Shopping List Significant Disruption The More The Merrier Tourist Troublemaker Unlikely Earthworm Challenges ------------ None Game ------ Seed ReflectiveRecoilFlail Manual? 0 Play Time 05:31:30 Cumulative 11.8 hours Start 2021.10.24 @ 16:05:20 End 2021.10.27 @ 22:48:42 Sessions 17 Manual Loads 0 Difficulty Explorer Special Mode None Game No. 2 Rogue 0 Adventurer 0 Explorer 2 Win Type - Total 0 Types 0/0/0/0/0/0/0/0/0 Lore% 3 Gallery% 8 Achievement% 12 Wizard Run 0 Options --------- ASCII 0 Keyboard 0 Movement Mouse Keybinds 0 Fullscreen 1 Font 18/X11 Map View 76x50 Tactical HUD 0 Map Filters NONE Filters NONE Steam 1 RUN: 19425f8a-c0c8-4ec7-a020-ddc9445a3a1d